 Dungeon Crawl Stone Soup version 0.17-a0-1508-ge7f3dc3 (webtiles) character file.

567836 magipi the Cloud Mage (level 26, -3/166 HPs)
             Began as a Tengu Fire Elementalist on July 3, 2015.
             Was the Champion of Makhleb.
             Slain by Xtahua (9 damage)
             ... on level 5 of the Vaults on July 10, 2015.
             The game lasted 10:22:44 (89416 turns).

magipi the Cloud Mage (Tengu Fire Elementalist)    Turns: 89416, Time: 10:22:44

Health: -3/166     AC: 18    Str:  9    XL:     26   Next: 24%
Magic:  9/38       EV: 31    Int: 24    God:    Makhleb [******]
Gold:   3133       SH:  7    Dex: 18    Spells: 10 memorised, 9 levels left

rFire  + . .     SeeInvis .     a - +6 long sword (elec)
rCold  + . .     Clarity  .     O - +2 leather armour {rC+}
rNeg   + . .     SustAt   .     d - +1 buckler {AC+3}
rPois  .         Gourm    .     W - +2 hat
rElec  .         Spirit   .     m - +2 cloak {MR+}
rCorr  .         Warding  .     K - +2 pair of gloves {rF+}
rMut   .         Stasis   .     (boots unavailable)
MR     ++...                    o - amulet of regeneration
Stlth  ++++......               q - ring of positive energy
                                z - +3 ring of slaying

@: flying quickly and evasively, studying Charms, repel missiles, quick, very
resistant to hostile enchantments, stealthy
A: beak, talons 3, able to fly 2
a: Stop Flying, Minor Destruction, Lesser Servant of Makhleb, Major Destruction,
Greater Servant of Makhleb, Renounce Religion
}: 4/15 runes: barnacled, slimy, silver, gossamer


You were on level 5 of the Vaults.
You worshipped Makhleb.
Makhleb was exalted by your worship.
You were hungry.

You visited 11 branches of the dungeon, and saw 58 of its levels.
You visited 1 bazaar.
You also visited: Labyrinth, Bailey and Volcano.

You collected 6960 gold pieces.
You spent 3827 gold pieces at shops.

Notes
Turn   | Place    | Note
--------------------------------------------------------------
     0 | D:1      | magipi the Tengu Fire Elementalist began the quest for the Orb.
     0 | D:1      | Reached XP level 1. HP: 10/10 MP: 4/4
   254 | D:1      | Reached XP level 2. HP: 15/15 MP: 3/6
   933 | D:1      | Reached skill level 4 in Fire Magic
   933 | D:1      | Reached XP level 3. HP: 17/19 MP: 4/7
  1712 | D:2      | Noticed Sigmund
  1817 | D:2      | Found a snail-covered altar of Cheibriados.
  1821 | D:2      | Reached XP level 4. HP: 24/24 MP: 6/8
  1829 | D:2      | Learned a level 3 spell: Conjure Flame
  2063 | D:3      | Noticed Robin
  2716 | D:3      | Found a shadowy altar of Dithmenos.
  2774 | D:3      | Gained mutation: You can fly. [Tengu growth]
  2774 | D:3      | Reached XP level 5. HP: 28/28 MP: 5/9
  2875 | D:3      | Found a shadowy altar of Dithmenos.
  2925 | D:3      | Found a stormy altar of Qazlal.
  2943 | D:4      | Noticed a phantom
  2943 | D:4      | Noticed urechis's ghost (experienced TeBe)
  2975 | D:4      | Found a shattered altar of Ashenzari.
  2995 | D:3      | Killed Robin
  2995 | D:3      | Reached skill level 5 in Fire Magic
  3255 | D:4      | Noticed Pikel
  3255 | D:4      | Noticed a slave
  3255 | D:4      | Noticed a slave
  3255 | D:4      | Noticed a slave
  3256 | D:4      | Noticed a slave
  3289 | D:3      | Learned a level 4 spell: Sticky Flame
  3382 | D:4      | Killed a phantom
  3382 | D:4      | Reached skill level 5 in Conjurations
  3382 | D:4      | Reached XP level 6. HP: 19/32 MP: 3/10
  3544 | D:4      | Noticed Blork the orc
  3552 | D:4      | Killed Blork the orc
  3620 | D:4      | Reached skill level 6 in Conjurations
  3630 | D:4      | Found a staircase to the Ecumenical Temple.
  3640 | Temple   | Entered the Ecumenical Temple
  3748 | D:5      | Entered Level 5 of the Dungeon
  3911 | D:5      | Reached XP level 7. HP: 36/36 MP: 5/11
  4022 | D:5      | Reached skill level 7 in Conjurations
  4085 | D:5      | Found a basalt altar of Yredelemnul.
  4365 | D:5      | Reached XP level 8. HP: 25/40 MP: 7/12
  4546 | D:5      | Found a bloodstained altar of Trog.
  4608 | D:5      | Reached skill level 5 in Dodging
  4752 | D:5      | Found a burning altar of Makhleb.
  4753 | D:5      | Found a radiant altar of Vehumet.
  4811 | D:5      | Became a worshipper of Makhleb the Destroyer
  5266 | D:5      | Found a white marble altar of Elyvilon.
  5954 | D:5      | Acquired Makhleb's first power
  6122 | D:5      | Got a sparkling golden ring
  6124 | D:5      | Identified the ring of Kele {rF+ rC- Int+4 Dex+2} (You took it off a crimson imp on level 5 of the Dungeon)
  6308 | D:6      | Found a viscous altar of Jiyva.
  6327 | D:6      | Found an ancient bone altar of Kikubaaqudgha.
  6444 | D:6      | Found a shimmering altar of Xom.
  6646 | D:6      | Upgraded the game from 0.17-a0-1479-g4041c36 to 0.17-a0-1485-g22cb0ee
  6801 | D:6      | Reached skill level 8 in Dodging
  7163 | D:6      | Reached XP level 9. HP: 37/45 MP: 13/13
  7172 | D:6      | Reached skill level 9 in Dodging
  7694 | D:7      | Found Waemodgh's Antique Armour Shoppe.
  7717 | D:7      | Bought a polished leather armour for 168 gold pieces
  7717 | D:7      | Bought a pair of gloves for 108 gold pieces
  7740 | D:6      | Identified the cursed +0 leather armour of the Old World {MR+ Int-3 Dex+2 Stlth+} (You bought it in a shop on level 7 of the Dungeon)
  7788 | D:7      | Acquired Makhleb's second power
  8078 | D:7      | Reached skill level 10 in Dodging
  8709 | D:7      | Reached skill level 1 in Long Blades
  9356 | D:8      | Acquired Makhleb's third power
  9549 | D:8      | Reached skill level 5 in Long Blades
  9792 | D:8      | Reached XP level 10. HP: 43/50 MP: 9/14
 10221 | D:8      | Acquired Makhleb's fourth power
 11533 | D:9      | Reached skill level 10 in Long Blades
 11604 | D:9      | Acquired Makhleb's fifth power
 11654 | D:9      | Noticed a cyclops
 11675 | D:9      | Killed a cyclops
 11804 | D:9      | Reached skill level 11 in Long Blades
 11831 | D:9      | Reached XP level 11. HP: 54/54 MP: 1/15
 12389 | D:9      | Reached skill level 12 in Long Blades
 12547 | D:9      | Reached skill level 1 in Fighting
 12569 | D:9      | Found a staircase to the Orcish Mines.
 12618 | Orc:1    | Entered Level 1 of the Orcish Mines
 12699 | Orc:1    | Noticed an orc knight
 12905 | D:7      | Bought a pitted ring mail for 216 gold pieces
 12916 | D:7      | Identified the +3 ring mail of the Hall of Blades {rF- MR++ Int+5} (You bought it in a shop on level 7 of the Dungeon)
 13027 | D:10     | Entered Level 10 of the Dungeon
 13079 | D:10     | Found a flagged portal.
 13100 | Bailey   | Entered a bailey
 13125 | Bailey   | Noticed WellDressedCM's ghost (experienced MiBe)
 13131 | Bailey   | Noticed an orc knight
 13133 | Bailey   | Noticed an orc knight
 13225 | Bailey   | Noticed 4thArraOfDagon's ghost (average CeAK)
 13526 | D:10     | Noticed a hill giant
 13589 | D:10     | Killed a hill giant
 13964 | D:10     | Reached skill level 5 in Fighting
 14567 | D:11     | Noticed a hill giant
 14574 | D:11     | Killed a hill giant
 14968 | D:11     | Noticed a hill giant
 14976 | D:11     | Killed a hill giant
 14987 | D:11     | Found a staircase to the Lair.
 15259 | D:11     | Reached XP level 12. HP: 73/76 MP: 7/16
 15576 | D:11     | Reached skill level 10 in Fighting
 15948 | D:11     | Reached skill level 1 in Invocations
 15948 | D:11     | Reached skill level 1 in Evocations
 16878 | D:12     | Noticed a catoblepas
 17005 | D:12     | Found a shattered altar of Ashenzari.
 17379 | Lair:1   | Entered Level 1 of the Lair of Beasts
 18077 | Lair:2   | Reached skill level 5 in Evocations
 18619 | Lair:3   | Found a hole to the Spider Nest.
 18628 | Lair:3   | Reached skill level 5 in Invocations
 18835 | Lair:3   | Reached XP level 13. HP: 68/83 MP: 13/18
 20101 | Lair:4   | Found a labyrinth entrance.
 20116 | Lab      | Entered a labyrinth
 20713 | Lab      | Noticed a minotaur
 20723 | Lab      | Killed a minotaur
 20733 | Lab      | Identified Qaastrycu's Collected Works on Transformation and Contamination
 21122 | Lair:4   | Found a staircase to the Shoals.
 22061 | D:9      | Killed an orc knight
 22293 | Orc:1    | Found Jeho's Armour Shop.
 22774 | Orc:2    | Noticed Maurice
 22786 | Orc:2    | Killed Maurice
 22800 | Orc:1    | Identified a +7 rod of the swarm (12/12) (You found it in a labyrinth)
 22919 | Orc:2    | Noticed Harold
 22938 | Orc:2    | Killed Harold
 22970 | Orc:2    | Noticed Sonja
 22973 | Orc:2    | Noticed Sonja
 22973 | Orc:2    | Sonja changed into Sonja the fire drake
 22980 | Orc:2    | Killed Sonja the fire drake
 23423 | Orc:1    | Upgraded the game from 0.17-a0-1485-g22cb0ee to 0.17-a0-1497-g03599f7
 23532 | Orc:2    | Noticed Gastronok
 23672 | Orc:2    | Killed Gastronok
 24132 | Orc:3    | Found a staircase to the Elven Halls.
 24780 | Orc:4    | Entered Level 4 of the Orcish Mines
 24884 | Orc:4    | Found a dark tunnel.
 24895 | Volcano  | Entered a volcano
 25001 | Volcano  | Found a burning altar of Makhleb.
 25291 | Volcano  | Gained mutation: You can fly continuously. [Tengu growth]
 25291 | Volcano  | Reached XP level 14. HP: 66/88 MP: 22/22
 26502 | Orc:4    | Reached skill level 10 in Evocations
 26807 | Orc:4    | Noticed an orc warlord
 26869 | Orc:4    | Found a roughly hewn altar of Beogh.
 26932 | Orc:4    | Killed an orc warlord
 26975 | Orc:4    | Found Xehor's Antique Armour Emporium.
 26997 | Orc:4    | Found Nuraog's General Store.
 27004 | Orc:4    | Bought 2 scrolls of amnesia for 119 gold pieces
 27013 | Orc:4    | Found Sophia's Antique Weapon Emporium.
 27053 | Orc:4    | Found Etishros's Book Emporium.
 27077 | Orc:4    | Bought a runed ring mail for 108 gold pieces
 28253 | Lair:5   | Reached skill level 10 in Invocations
 28287 | Lair:5   | Identified a scroll of acquirement
 28343 | Lair:5   | Reached skill level 1 in Shields
 29453 | Lair:6   | Reached skill level 5 in Shields
 29615 | Lair:6   | Noticed Rupert
 29628 | Lair:6   | Killed Rupert
 29751 | Lair:7   | Found a staircase to the Slime Pits.
 30248 | Lair:8   | Entered Level 8 of the Lair of Beasts
 30653 | Lair:7   | Reached skill level 13 in Long Blades
 30916 | Lair:8   | Reached XP level 15. HP: 93/93 MP: 15/24
 31233 | Lair:8   | Noticed Maud
 31927 | Lair:5   | Reached skill level 14 in Long Blades
 31944 | Lair:5   | Reached skill level 1 in Armour
 32424 | D:12     | Killed a catoblepas
 32983 | D:13     | Learned a level 2 spell: Repel Missiles
 33039 | D:13     | Found Unuergh's Serpentskin Sales.
 33054 | D:13     | Reached skill level 1 in Charms
 33316 | D:13     | Reached skill level 1 in Air Magic
 33525 | D:13     | Found Osuenore's Distillery.
 33533 | D:13     | Bought 2 potions of heal wounds for 130 gold pieces
 33533 | D:13     | Bought a potion of might for 52 gold pieces
 33533 | D:13     | Bought a potion of heal wounds for 65 gold pieces
 33533 | D:13     | Bought a potion of heal wounds for 65 gold pieces
 33533 | D:13     | Bought 2 potions of curing for 78 gold pieces
 33533 | D:13     | Bought a potion of heal wounds for 65 gold pieces
 33533 | D:13     | Bought a potion of curing for 39 gold pieces
 33533 | D:13     | Bought a potion of mutation for 32 gold pieces
 33533 | D:13     | Bought a potion of might for 52 gold pieces
 33582 | D:13     | Noticed Nessos
 33583 | D:13     | Noticed Nessos
 33583 | D:13     | Nessos changed into Nessos the guardian serpent
 33599 | D:13     | Killed Nessos the guardian serpent
 33771 | D:13     | Learned a level 5 spell: Fireball
 34423 | D:13     | Reached skill level 5 in Armour
 34469 | D:13     | Found a gate to the Vaults.
 35488 | D:14     | Noticed Kirke
 35506 | D:14     | Killed Kirke
 35506 | D:14     | Reached skill level 5 in Spellcasting
 35907 | D:15     | Entered Level 15 of the Dungeon
 35959 | D:15     | Learned a level 4 spell: Animate Dead
 35995 | D:15     | Reached skill level 1 in Necromancy
 36847 | D:15     | Reached XP level 16. HP: 98/98 MP: 14/26
 37355 | D:15     | Found a staircase to the Depths.
 37548 | D:15     | Reached skill level 5 in Necromancy
 38002 | Spider:1 | Entered Level 1 of the Spider Nest
 38323 | Spider:1 | Got a brightly glowing silver ring
 38325 | Spider:1 | Identified the ring "Duagiddeka" {rPois Str+4 Dex+3} (You found it on level 1 of the Spider Nest)
 38613 | Spider:1 | Got a polished hat
 38624 | Spider:1 | Identified the +1 hat of the Land of Plenty {rElec rPois rF- rN+} (You acquired it on level 1 of the Spider Nest)
 39173 | Spider:2 | Got a shimmering robe
 39190 | Spider:2 | Identified the cursed +0 robe "Kujy" {*Confuse rPois MR+} (You found it on level 2 of the Spider Nest)
 39639 | Spider:2 | Got a transparent long sword
 39640 | Spider:2 | Identified the +4 long sword "Uli Ryg" {antimagic, *Rage rElec rF++ rN+} (You found it on level 2 of the Spider Nest)
 39840 | Spider:3 | Noticed Asterion
 40467 | Spider:4 | Entered Level 4 of the Spider Nest
 41201 | Spider:3 | Killed Asterion
 41458 | Shoals:1 | Entered Level 1 of the Shoals
 41532 | Shoals:1 | Found Teorigof's Food Emporium.
 41901 | Shoals:1 | Reached XP level 17. HP: 74/103 MP: 26/31
 42072 | Shoals:1 | Reached skill level 10 in Spellcasting
 42252 | Shoals:1 | Upgraded the game from 0.17-a0-1497-g03599f7 to 0.17-a0-1504-gb7d9117
 42364 | Shoals:2 | You are sucked into a shaft!
 42422 | Shoals:3 | Got a jasper-studded scale mail
 42621 | Shoals:3 | Identified the +4 scale mail of the Ant {Stlth+} (You found it on level 3 of the Shoals)
 42963 | Shoals:4 | Entered Level 4 of the Shoals
 43634 | Shoals:3 | Reached skill level 10 in Conjurations
 44603 | Shoals:3 | Reached skill level 10 in Fire Magic
 44953 | Shoals:4 | Noticed Ilsuiw
 46593 | Lair:8   | Killed Maud
 47252 | Lair:8   | Reached XP level 18. HP: 108/108 MP: 25/33
 47332 | Lair:8   | Got a transparent crystal amulet
 47333 | Lair:8   | Identified the amulet "Xaurph" {Gourm rC- MR+ Int+4} (You found it on level 8 of the Lair of Beasts)
 47725 | Shoals:4 | Got a barnacled rune of Zot
 48665 | Vaults:1 | Entered Level 1 of the Vaults
 50161 | Vaults:1 | Found Ykize's Weapon Shop.
 50395 | Vaults:1 | Reached skill level 10 in Armour
 50663 | Vaults:1 | Found Poschus's Food Emporium.
 51353 | Vaults:2 | Reached XP level 19. HP: 105/115 MP: 27/34
 51480 | Vaults:2 | Got a crystal blowgun
 51481 | Vaults:2 | Identified the +6 blowgun "Soeff" {speed, rN+ Dex+4 Stlth+} (You found it on level 2 of the Vaults)
 51508 | Vaults:2 | Noticed a lich
 51519 | Vaults:2 | Killed a lich
 51901 | Vaults:2 | Reached skill level 15 in Dodging
 53492 | Vaults:3 | Found a gateway to a bazaar.
 53522 | Bazaar   | Entered a bazaar
 53523 | Bazaar   | Found Rikatelo's Book Shop.
 53523 | Bazaar   | Found Upitetef's Assorted Antiques.
 53524 | Bazaar   | Found Cutoclam's Jewellery Emporium.
 53533 | Bazaar   | Found Githubac's Food Emporium.
 53574 | Bazaar   | Bought a copper wand for 104 gold pieces
 53574 | Bazaar   | Bought a potion of heal wounds for 130 gold pieces
 53574 | Bazaar   | Bought a scroll of identify for 52 gold pieces
 53585 | Bazaar   | Bought an uncursed amulet of regeneration for 270 gold pieces
 53585 | Bazaar   | Bought an uncursed amulet of resist corrosion for 180 gold pieces
 53585 | Bazaar   | Bought an uncursed ring of see invisible for 135 gold pieces
 53585 | Bazaar   | Bought a cursed -5 ring of evasion for 18 gold pieces
 53599 | Bazaar   | Bought an Akashic Record for 1214 gold pieces
 53611 | Bazaar   | Bought a meat ration for 55 gold pieces
 53611 | Bazaar   | Bought a bread ration for 55 gold pieces
 53611 | Bazaar   | Bought a beef jerky for 16 gold pieces
 53611 | Bazaar   | Bought a beef jerky for 16 gold pieces
 53611 | Bazaar   | Bought a meat ration for 55 gold pieces
 53611 | Bazaar   | Bought a beef jerky for 16 gold pieces
 53611 | Bazaar   | Bought a meat ration for 55 gold pieces
 53611 | Bazaar   | Bought a meat ration for 55 gold pieces
 53611 | Bazaar   | Bought a bread ration for 55 gold pieces
 53611 | Bazaar   | Bought 3 fruits for 49 gold pieces
 54575 | Vaults:3 | Reached skill level 16 in Dodging
 54591 | Vaults:3 | Noticed Nikola
 54626 | Vaults:3 | Killed Nikola
 54855 | Vaults:3 | Found a staircase to the Crypt.
 54855 | Vaults:3 | Found a basalt altar of Yredelemnul.
 54856 | Vaults:3 | Found an ancient bone altar of Kikubaaqudgha.
 55814 | Vaults:3 | Reached XP level 20. HP: 57/126 MP: 20/35
 56249 | Vaults:4 | Reached skill level 17 in Dodging
 56538 | Vaults:4 | Noticed Saint Roka
 56954 | D:2      | Killed Sigmund
 57311 | D:4      | Killed a slave
 57320 | D:4      | Killed Pikel
 57412 | D:4      | Found a large runed door.
 57412 | D:4      | Found a large runed door.
 57419 | D:4      | Found a large runed door.
 57419 | D:4      | Found a large runed door.
 57474 | D:4      | Your ally Pikel died
 57505 | D:4      | Noticed an ogre
 57511 | D:4      | Killed an ogre
 57565 | D:4      | Killed urechis's ghost
 58602 | Shoals:4 | Killed Ilsuiw
 59284 | Elf:1    | Entered Level 1 of the Elven Halls
 59579 | Elf:1    | Reached skill level 15 in Fighting
 59645 | Elf:1    | Identified Mnoleg's Incunabulum of Companions
 59824 | Elf:1    | Reached skill level 18 in Dodging
 60117 | Elf:1    | Found Pismid's One-of-a-Kind Books.
 60262 | Elf:1    | Found Ufuir's Book Emporium.
 60819 | Elf:2    | Reached skill level 5 in Stealth
 61019 | Elf:3    | Entered Level 3 of the Elven Halls
 61325 | Elf:3    | Noticed Mara
 61372 | Elf:3    | Killed Mara
 61517 | Elf:3    | Reached XP level 21. HP: 134/134 MP: 31/36
 61568 | Elf:3    | Got a jet-encrusted chain mail
 61586 | Elf:3    | Identified the cursed +1 chain mail "Asuros" {rN+ MR++ Regen+ Stlth-} (You found it on level 3 of the Elven Halls)
 61699 | Elf:2    | Found Amae's Food Emporium.
 61787 | Elf:3    | Noticed Eleanoora's ghost (mighty FoSu)
 63097 | Elf:3    | Got a clouded silver ring
 63137 | Elf:3    | Identified the ring "Gaapa" {Str+5 Int-5 SInv} (You took it off a deep elf mage on level 3 of the Elven Halls)
 63744 | Elf:3    | Got a sparkling tin ring
 64236 | Elf:3    | Identified the Incunabulum of the Forgotten Songs
 64476 | Elf:3    | Identified the ring of Web Bygg {Wiz Str+2} (You took it off a deep elf master archer on level 3 of the Elven Halls)
 65020 | Crypt:1  | Entered Level 1 of the Crypt
 66202 | Crypt:2  | Reached skill level 5 in Air Magic
 67366 | Crypt:2  | Reached skill level 15 in Long Blades
 67445 | Crypt:3  | Entered Level 3 of the Crypt
 68130 | Crypt:2  | Reached XP level 22. HP: 119/144 MP: 29/37
 69627 | Depths:1 | Entered Level 1 of the Depths
 69906 | Depths:1 | Found a bloodstained altar of Trog.
 70069 | Depths:1 | Found a gateway to a ziggurat.
 70283 | Depths:1 | Learned a level 1 spell: Summon Butterflies
 70390 | D:15     | Reached skill level 1 in Summonings
 70477 | Depths:1 | Found a gateway to Hell.
 71488 | Depths:2 | Reached skill level 5 in Summonings
 73525 | Depths:2 | Got a crystal rapier
 73603 | Depths:2 | Got a transparent scale mail
 73801 | Depths:2 | Identified the +2 scale mail of Twilight {rElec rF+ rCorr Dex+3} (You found it on level 2 of the Depths)
 74007 | Depths:2 | Found a one-way gate leading to the halls of Pandemonium.
 74270 | Depths:3 | You are sucked into a shaft for 2 floors!
 74270 | Depths:5 | Entered Level 5 of the Depths
 74449 | Depths:5 | Reached XP level 23. HP: 149/149 MP: 33/38
 74469 | Depths:5 | Reached skill level 10 in Air Magic
 74531 | Depths:5 | Reached XP level 24. HP: 156/156 MP: 38/38
 74869 | Depths:4 | Found a one-way gate to the infinite horrors of the Abyss.
 76519 | D:9      | Noticed an unseen horror
 76528 | D:9      | Killed an unseen horror
 77225 | Slime:1  | Entered Level 1 of the Pits of Slime
 77973 | Slime:6  | Entered Level 6 of the Pits of Slime
 78134 | Slime:6  | Reached skill level 15 in Air Magic
 78451 | Slime:6  | Noticed the royal jelly
 78995 | Slime:6  | Found a viscous altar of Jiyva.
 79072 | Slime:6  | Killed the royal jelly
 79593 | Slime:6  | Got an opal-studded scale mail
 79609 | Slime:6  | Identified the +1 scale mail of Abstinence {rC+ MR+} (You found it on level 6 of the Pits of Slime)
 79719 | Slime:6  | Learned a level 4 spell: Airstrike
 79728 | Slime:6  | Identified Pikhluin's Reference Book on the Entourage and Transmutation
 79776 | Slime:6  | Got a slimy rune of Zot
 79799 | Slime:6  | Learned a level 3 spell: Regeneration
 80428 | Spider:3 | Noticed Roxanne
 81222 | Spider:4 | Reached XP level 25. HP: 160/160 MP: 0/38
 82325 | Spider:4 | Reached skill level 19 in Air Magic
 82805 | Spider:4 | Got a gossamer rune of Zot
 83546 | Depths:4 | Noticed Margery
 83791 | Depths:4 | Reached skill level 20 in Air Magic
 84030 | Depths:4 | Killed Margery
 84344 | Depths:4 | Your ally Margery died
 85047 | Depths:4 | Reached skill level 21 in Air Magic
 86028 | Depths:5 | Learned a level 9 spell: Tornado
 86594 | Vaults:4 | Reached skill level 22 in Air Magic
 86887 | Vaults:4 | Killed Saint Roka
 87006 | Vaults:4 | Your ally Saint Roka died
 87442 | Vaults:4 | Reached skill level 23 in Air Magic
 87995 | Vaults:4 | Reached XP level 26. HP: 162/166 MP: 35/38
 88305 | Crypt:2  | HP: 7/166 [flayed ghost[a curse skull] (16)]
 88381 | Crypt:1  | Noticed Frederick
 88527 | Vaults:3 | Upgraded the game from 0.17-a0-1504-gb7d9117 to 0.17-a0-1508-ge7f3dc3
 88721 | Vaults:5 | Entered Level 5 of the Vaults
 88761 | Vaults:5 | Noticed Wiglaf
 88914 | Vaults:5 | HP: 2/166 [ettin/great mace (22)]
 89016 | Vaults:5 | Got a silver rune of Zot
 89178 | Vaults:5 | Reached skill level 24 in Air Magic
 89237 | Vaults:5 | Noticed Xtahua
 89359 | Vaults:5 | Noticed Jory
 89383 | Vaults:5 | Killed Jory
 89416 | Vaults:5 | HP: 6/166 [Xtahua (15)]
 89416 | Vaults:5 | Slain by Xtahua

Inventory:

Hand weapons
 a - a +6 long sword of electrocution (weapon)
 l - a +6 great sword of holy wrath
 R - the +4 long sword "Uli Ryg" {antimagic, *Rage rElec rF++ rN+}
   (You found it on level 2 of the Spider Nest)

   It disrupts the flow of magical energy around spellcasters and certain
   magical creatures (including the wielder).
   It greatly protects you from fire.
   It insulates you from electricity.
   It protects you from negative energy.
   It may make you go berserk in combat.
 X - the +6 blowgun "Soeff" {speed, rN+ Dex+4 Stlth+}
   (You found it on level 2 of the Vaults)

   Attacks with this weapon are significantly faster.
   It affects your dexterity (+4).
   It protects you from negative energy.
   It makes you more stealthy.
Missiles
 u - 10 curare-tipped needles
 y - 148 poisoned needles
 G - 14 throwing nets (quivered)
Armour
 d - a +1 buckler of protection (worn)
 m - a +2 cloak of magic resistance (worn)
 K - a +2 pair of gloves of fire resistance (worn)
 O - a +2 leather armour of cold resistance (worn)
 W - a +2 hat (worn)
Magical staves
 b - an uncursed staff of wizardry
Jewellery
 e - an uncursed amulet of clarity
 f - an uncursed ring of protection from fire
 i - an uncursed ring of see invisible
 n - an uncursed ring of protection from magic
 o - an amulet of regeneration (around neck)
 p - the ring "Duagiddeka" {rPois Str+4 Dex+3}
   (You found it on level 1 of the Spider Nest)

   [ring of poison resistance]

   It affects your strength (+4).
   It affects your dexterity (+3).
   It protects you from poison.
 q - a ring of positive energy (right hand)
 w - the ring of Web Bygg {Wiz Str+2}
   (You took it off a deep elf master archer on level 3 of the Elven Halls)

   [ring of wizardry]

   It improves your spell success rate.
   It affects your strength (+2).
 x - an uncursed amulet of resist corrosion
 z - a +3 ring of slaying (left hand)
 A - an uncursed amulet of resist mutation
Magical devices
 r - a wand of disintegration (2)
 J - a wand of invisibility (4)
 N - a wand of polymorph (12)
 S - a wand of teleportation (3)
 V - a wand of digging (2)
Scrolls
 g - 15 scrolls of remove curse
 j - 4 scrolls of magic mapping
 v - 4 scrolls of fear
 D - a scroll of recharging
 L - 2 scrolls of summoning
 T - 5 scrolls of blinking
 Y - 11 scrolls of fog
 Z - 11 scrolls of identify
Potions
 h - a potion of invisibility
 t - 22 potions of curing
 B - 5 potions of magic
 C - 5 potions of cancellation
 E - a potion of brilliance
 F - 2 potions of heal wounds
 M - a potion of resistance
 P - a potion of berserk rage
 Q - 10 potions of might
Books
 c - a manual of Charms
 I - a book of the Sky

   Spells                             Type                      Level
   a - Summon Lightning Spire         Summoning/Air                4
   b - Airstrike                      Air                          4
   c - Silence                        Hexes/Air                    5
   d - Deflect Missiles               Charms/Air                   6
   e - Conjure Ball Lightning         Conjuration/Air              6
   f - Tornado                        Air                          9
Miscellaneous
 U - a phial of floods
Comestibles
 k - 11 meat rations
 s - 9 bread rations


   Skills:
 - Level 17.0 Fighting
 - Level 18.0 Long Blades
 - Level 10.0 Armour
 - Level 18.0 Dodging
 - Level 9.1 Stealth
 - Level 6.0 Shields
 - Level 10.0 Spellcasting
 - Level 10.0 Conjurations
 - Level 6.3 Charms
 - Level 5.0 Summonings
 - Level 9.6 Necromancy
 - Level 12.0 Fire Magic
 + Level 24.3 Air Magic
 - Level 10.0 Invocations
 - Level 10.8 Evocations


You had 9 spell levels left.
You knew the following spells:

 Your Spells              Type           Power        Failure   Level  Hunger
a - Flame Tongue          Conj/Fire      #####        1%          1    None
b - Conjure Flame         Conj/Fire      ######..     1%          3    None
c - Sticky Flame          Conj/Fire      ######..     1%          4    #......
d - Animate Dead          Necr           N/A          1%          4    #......
e - Fireball              Conj/Fire      ######....   1%          5    ####...
f - Summon Butterflies    Summ           #####...     1%          1    None
g - Airstrike             Air            #######...   0%          4    #......
h - Regeneration          Chrm/Necr      ######....   1%          3    None
m - Repel Missiles        Chrm/Air       ######       1%          2    None
T - Tornado               Air            #######...   30%         9    #######


Dungeon Overview and Level Annotations

Branches:
Dungeon (15/15)            Temple (1/1) D:4            Lair (8/8) D:11
 Shoals (4/4) Lair:4       Spider (4/4) Lair:3        Slime (6/6) Lair:7
    Orc (4/4) D:9             Elf (3/3) Orc:3        Vaults (5/5) D:13
  Crypt (3/3) Vaults:3     Depths (5/5) D:15
   Tomb: Crypt:3        Zot: Depths:5

Altars:
Ashenzari
Cheibriados
Dithmenos
Elyvilon
Fedhas
Gozag
Kikubaaqudgha
Makhleb
Nemelex Xobeh
Okawaru
Qazlal
Ru
Sif Muna
Trog
Vehumet
Xom
Yredelemnul
Zin
The Shining One
Beogh
Jiyva

Shops:
D:7 [   D:13 *!   Orc:1 [   Orc:4 ([*   Elf:1 ::   Elf:2 %   Shoals:1 %
Vaults:1 (%

Portals:
Hell: Depths:1 Depths:2 Depths:3 Depths:4 Depths:5
Abyss: Depths:4
Pandemonium: Depths:2 Depths:3 Depths:4 Depths:5
Ziggurat: Depths:1

Annotations:
Shoals:4 exclusion: 2 ice statues
Spider:3 exclusion: Roxanne, Roxanne
Elf:3 Eleanoora's ghost, mighty FoSu
Vaults:5 Wiglaf; Xtahua
Crypt:1 Frederick


Innate Abilities, Weirdness & Mutations

You have a beak for a mouth.
You have claws for feet.
You can fly continuously.

Vault maps used:
D:1:      matt_arrival_spirals, nrook_uturn
D:2:      lemuel_round_altar, minmay_misc_feat_tower, kennysheep_generic_room_8,
          uniq_sigmund
D:3:      lemuel_doored_altar, nicolae_overflow_crystal_walls, first_bread,
          nicolae_dithmenos_through_a_glass_darkly, uniq_robin
D:4:      lemuel_crystal_altar, temple_hall, minmay_hollow_rounded_squares,
          uniq_blork_the_orc, uniq_pikel
D:5:      kennysheep_kobold_camp, grunt_temple_overflow_lords_of_destruction,
          old_standard_altar, kennysheep_mini,
          yredelemnul_forgotten_temple_becter
D:6:      xom_confusion_cloud, old_standard_altar, gup_ossuary_entry_pyramid,
          jiyva_altar_1
D:7:      wad_pebble_path, serial_shops, shop_coins, st_stairs_1
D:8:      kennysheep_big_flooded_room
D:9:      erik_orc_2
D:10:     enter_bailey_2
D:11:     minmay_lair_entry_lava
D:12:     lemuel_slime, the_bakery, lemuel_tele_altar
D:13:     grunt_vaults_entry_tiered, serial_shops, shop, fountainhead,
          guppyfry_shop_venom, uniq_nessos
D:14:     uniq_kirke
D:15:     gammafunk_depths_entry_grave, minmay_misc_feat_more_columns,
          serial_bayou_crossing
Temple:   minmay_temple_bridge_a_8
Lair:2:   grunt_forest_small_clearing_treed, serial_bayou_shore_a,
          serial_bayou_shore_b
Lair:3:   dummy_spider_entry, infiniplex_staircase_pool_2, grunt_megastairs_3
Lair:4:   elwin_shoals_entry_rocks, lab_entry_generic, zaba_anthell,
          grunt_megastairs_2
Lair:5:   pond
Lair:6:   serial_bayou_pond_d, lemuel_fruit_tree, grunt_megastairs_5,
          lemuel_fruit_fields, serial_bayou_shore_b, uniq_rupert
Lair:7:   nicolae_slime_entry_slimehenge
Lair:8:   due_jungle_book, mumra_transporter_accident,
          infiniplex_staircase_pool, uniq_maud
Shoals:1: serial_shops, nicolae_shop_statue_plus
Shoals:3: hangedman_shoal_volcano
Shoals:4: portal_ice_cave_entry_ice_statue_02, shoals_end_simple,
          shoals_ilsuiw_alternative, nicolae_shoals_hunting_party
Spider:3: lemuel_spider_zombies, uniq_roxanne, uniq_asterion
Spider:4: grunt_spider_rune_parallel
Slime:1:  nicolae_slime_phagocytosis
Slime:2:  cheibrodos_slime_lost_civilization_7
Orc:1:    serial_shops, nicolae_shop_behind_doors, nicolae_orc_rockfall
Orc:2:    uniq_maurice, uniq_gastronok, uniq_harold, uniq_sonja
Orc:3:    nicolae_orc_pool_cavern
Orc:4:    grunt_orc_cross, lightli_volcano_entry_magma_tube
Elf:1:    serial_shops, shop, minmay_elf_demonology, nicolae_rare_books
Elf:2:    serial_shops, shop, uniq_aizul
Elf:3:    elf_hall_gauntlet_narrow, dk_noncrumbling_4, uniq_mara
Vaults:1: ontoclasm_vaults_eye, ontoclasm_vaults_decontamination,
          v_alt_pattern_5, nicolae_vaults_big_ls, ontoclasm_vaults_chip,
          v_pattern_4, v_misc_12, hangedman_vaults_stretched_pinwheel,
          nicolae_vaults_little_squares_6, nicolae_vaults_little_squares_4,
          vaults_room_mumra_shop_pool, nicolae_vaults_display_case,
          nicolae_vaults_theta, serial_shops, shop, mu_enter_wizlab_1
Vaults:2: nicolae_vaults_yaktaur_gun_rack, nicolae_vaults_quadrants,
          ontoclasm_vaults_hangar, vaults_standard_mumra_lines,
          nicolae_vaults_hallways_thing, v_misc_9,
          nicolae_vaults_little_squares_5, hangedman_vaults_maws,
          nicolae_vaults_shelves_hall
Vaults:3: nicolae_vaults_little_squares_1, nicolae_vaults_alarming, v_misc_10,
          nicolae_vaults_little_squares_6, hangedman_vaults_restitches,
          minmay_crypt_entry_necro_gods, v_alt_pattern_1,
          hangedman_vaults_nails, vaults_room_guarded_vault, serial_shops,
          bzr_entry_customers, uniq_nikola
Vaults:4: hangedman_vaults_trim, vaults_standard_mumra_enter_the_diamond,
          ontoclasm_vaults_gateway, nicolae_vaults_arrows,
          hangedman_vaults_maws, hangedman_vaults_variations, v_misc_31,
          ontoclasm_vaults_loading_screen, uniq_saint_roka
Vaults:5: uniq_xtahua, uniq_jory, uniq_wiglaf
Crypt:1:  nicolae_crypt_ancient_font, uniq_frederick
Crypt:3:  church_of_pain_bobbens, nicolae_tomb_entry_rubble_hallway
Depths:1: enter_ziggurat_e, minmay_crystal_room, hell_entry,
          evilmike_spriggan_trog_shrine
Depths:2: hangedman_arch_fort, nicolae_twisting_strands, pf_coc_iceberg,
          rand_demon_pan_entry_7, infiniplex_staircase_pool_lava
Depths:3: lightli_tower_of_babel, hangedman_abyss_or_decor_slice, hell_entry,
          rand_demon_pan_entry_4, serial_glass, glass_columns_c,
          glass_columns_a, minmay_staircase_bubble
Depths:4: kennysheep_green_arena, abyss_entry_small_statue_room,
          rand_demon_pan_entry_3, hell_entry, nrook_mini_vaults, uniq_margery
Depths:5: evilmike_zot_entry_hall, hell_entry, serial_bayou_ford_a,
          rand_demon_pan_entry_5
Lab:      labyrinth_hidden_loot
Bazaar:   bazaar_minmay_plants
Bailey:   bailey_axe_4, bailey
Volcano:  volcano_grotto


Message History

The tentacled monstrosity tentacle-slaps your balrug.
The tentacled monstrosity tentacle-slaps your balrug!
The tentacled monstrosity barely misses your balrug.
The tentacled monstrosity grabs your balrug.
The tentacled monstrosity constricts your balrug!
Your balrug hits the tentacled monstrosity with a demon whip of venom!!
The tentacled monstrosity is engulfed in flames!
The tentacled monstrosity resists.
The tentacled monstrosity tentacle-slaps your balrug!!
The tentacled monstrosity tentacle-slaps your balrug but does no damage.
The tentacled monstrosity tentacle-slaps your balrug.
The tentacled monstrosity constricts your balrug!
Your balrug hits the tentacled monstrosity with a demon whip of venom!
The tentacled monstrosity is engulfed in flames!
The tentacled monstrosity resists.
The tentacled monstrosity tentacle-slaps your balrug!
The tentacled monstrosity completely misses your balrug.
The tentacled monstrosity tentacle-slaps your balrug!
Your balrug dies!
Use which ability? (? or * to list)
A demon appears!
You are feeling hungry.
Unknown command.
What do you say? t - Shout!
Orders for allies: a - Attack new target. p - Attack previous target. r - Retreat! s - Stop attacking. w - Wait here. f - Follow me.
Anything else - Stay silent.
Gang up on whom?
Press: ? - help, Dir - move target cursor, f/p - tentacled monstrosity
Aim: a tentacled monstrosity (moderately wounded) Attack!
You hear a shout!
A frost giant comes into view. It is wielding a battleaxe of freezing.
The tentacled monstrosity tentacle-slaps your cacodemon but does no damage.
The tentacled monstrosity tentacle-slaps your cacodemon!
The tentacled monstrosity tentacle-slaps your cacodemon but does no damage.
The tentacled monstrosity grabs your cacodemon.
The tentacled monstrosity constricts your cacodemon.
Your cacodemon gestures at the tentacled monstrosity.
The bolt of energy hits the tentacled monstrosity.
The tentacled monstrosity tentacle-slaps your cacodemon!
The tentacled monstrosity tentacle-slaps your cacodemon.
The tentacled monstrosity tentacle-slaps your cacodemon but does no damage.
The tentacled monstrosity constricts your cacodemon.
Your cacodemon hits the tentacled monstrosity.
Your cacodemon hits the tentacled monstrosity!
The tentacled monstrosity tentacle-slaps your cacodemon. x2
The tentacled monstrosity tentacle-slaps your cacodemon!
The tentacled monstrosity constricts your cacodemon.
Your cacodemon hits the tentacled monstrosity!
Your cacodemon hits the tentacled monstrosity.
The tentacled monstrosity tentacle-slaps your cacodemon!
The tentacled monstrosity tentacle-slaps your cacodemon but does no damage. x2
The tentacled monstrosity constricts your cacodemon.
Your cacodemon hits the tentacled monstrosity! x2
The tentacled monstrosity tentacle-slaps your cacodemon!
Your cacodemon dies!
The frost giant points at you and mumbles some strange words.
The bolt of cold hits you! You resist.
* * * LOW HITPOINT WARNING * * *
Unknown command.
Casting: Sticky Flame
Confirm with . or Enter, or press ? or * to list all spells.
Aiming: Sticky Flame
Press: ? - help, Shift-Dir - straight line, f - frost giant, p - tentacled monstrosity
Aim: a frost giant, wielding a battleaxe of freezing The sticky flame hits the frost giant.
The frost giant appears unharmed.
The frost giant is covered in liquid flames!
The frost giant burns!
The frost giant casts a spell at you. The bolt of cold misses you.
Unknown command.
You hit the frost giant.
There is a sudden explosion of sparks!
You peck the frost giant, but do no damage.
The frost giant is moderately wounded.
Unknown command.
You slash the frost giant!
The frost giant is moderately wounded.
The frost giant burns!
The frost giant closely misses you.
Unknown command.
You hit the frost giant. You claw the frost giant.
The frost giant is moderately wounded.
The frost giant burns!
Unknown command.
You hit the frost giant.
You claw the frost giant, but do no damage.
The frost giant is moderately wounded.
The frost giant gestures at you while chanting.
The bolt of cold hits you! You resist.
* * * LOW HITPOINT WARNING * * *
The frost giant burns!
Unknown command.
The frost giant burns!
The frost giant stops burning.
The frost giant gestures at you while chanting.
The bolt of cold misses you. You block Xtahua's attack. Xtahua claws you!
* * * LOW HITPOINT WARNING * * *
Xtahua tramples you!
You die...

#######################
#).....................
#.....).............§§.
#....##################
#....D@X........(..(...
#..#..##C...##..(.)##..
#..#.####..####...####§
#..#.####..####...####§
#..#..##....##....)##§§
#..#.....=........)).§|
#..#..##)...##.....##..
#..#.####).####...####.
#.# ##..####(..####.


You could see Xtahua, a tentacled monstrosity and a frost giant.

Vanquished Creatures
  the royal jelly (Slime:6)
  Mara (Elf:3)
  Margery (Depths:4)
  Saint Roka (Vaults:4)
  A golden dragon (Depths:4)
  Jory (Vaults:5)
  4 liches
  A tentacled monstrosity (Depths:2)
  A deep elf master archer (Elf:3)
  A deep elf blademaster (Elf:3)
  16 acid blobs
  3 ancient champions (Crypt:2)
  Gastronok (Orc:2)
  2 sphinxes
  3 octopode crushers
  Kirke (D:14)
  A shadow dragon (Vaults:5)
  3 revenants
  8 azure jellies
  11 vault wardens
  Ilsuiw (Shoals:4)
  5 tengu reavers
  Maud (Lair:8)
  7 frost giants
  4 ghost moths
  5 fire giants
  6 deep elf sorcerers
  An orc warlord (Orc:4)
  A curse skull (Crypt:2)
  4 emperor scorpions
  A cacodemon (Depths:3)
  A caustic shrike zombie (Depths:3)
  3 ghouls (Crypt:1)
  13 ironheart preservers
  A war gargoyle (Vaults:2)
  6 very ugly things
  6 vampire knights
  11 deep elf demonologists
  17 stone giants
  7 deep elf annihilators (Elf:3)
  A purple draconian (Depths:5)
  3 dire elephants (Lair:8)
  4 eidola
  9 ettins
  6 deep elf death magi
  10 merfolk javelineers
  23 vault guards
  A crystal guardian (Vaults:4)
  A minotaur (Lab)
  7 fire dragons
  4 yaktaur captains
  7 entropy weavers
  4 deep elf high priests
  9 merfolk impalers
  7 great orbs of eyes
  Harold (Orc:2)
  A naga warrior (D:13)
  A monstrous demonspawn (Depths:2)
  3 merfolk avatars (Shoals:4)
  6 centaur warriors
  An anaconda (Lair:8)
  6 hydras
  A spriggan air mage (Depths:3)
  3 ice dragons
  A merfolk aquamancer (Shoals:4)
  A catoblepas (D:12)
  4 satyrs (Shoals:4)
  A queen ant (Lair:4)
  2 dancing weapons
  3 death knights
  12 death yaks
  12 deep troll earth magi
  3 vampire magi
  9 deep troll shamans
  15 ogre magi
  6 spriggan berserkers
  6 hell knights
  An ice devil (Depths:4)
  4 fire crabs
  A sea snake (shapeshifter) (Vaults:4)
  2 small abominations
  11 sea snakes
  3 iron trolls (Depths:2)
  22 skeletal warriors
  2 shadow wraiths
  33 deep trolls
  13 deep elf knights
  A torturous demonspawn (Depths:3)
  An unseen horror (D:9)
  3 infernal demonspawn
  2 flayed ghosts (Depths:1)
  A guardian serpent (D:13)
  A putrid demonspawn (Depths:4)
  3 giant orange brains
  15 ironbrand convokers
  2 wizards (D:13)
  Pikel (D:4)
  14 hill giants
  15 deep elf summoners
  15 orc knights
  A shadow dragon zombie (Vaults:1)
  8 wolf spider zombies (Spider:3)
  8 phantasmal warriors
  A hornet (shapeshifter) (Depths:2)
  11 deep elf conjurers
  14 necromancers
  10 manticores
  7 orb spiders (Spider:4)
  4 water nymphs
  19 harpies
  A sixfirhy (Depths:3)
  20 wolf spiders
  9 fauns
  52 ugly things
  2 rust devils
  A salamander (D:13)
  2 orc sorcerers
  A sphinx skeleton (Depths:3)
  A human zombie (Vaults:1)
  6 cyclopes
  10 hornets
  2 shining eyes
  An elephant (shapeshifter) (Depths:1)
  6 elephants
  15 sirens
  Maurice (Orc:2)
  4 black mambas
  15 griffons
  An octopode (shapeshifter) (Vaults:4)
  2 eyes of devastation
  2 fire giant skeletons
  2 frost giant skeletons
  3 human skeletons (Vaults:1)
  A guardian serpent (shapeshifter) (Vaults:4)
  A shock serpent zombie (Crypt:2)
  2 stone giant skeletons
  A torpor snail (shapeshifter) (Depths:2)
  2 molten gargoyles (Volcano)
  8 komodo dragons
  3 centaur skeletons
  17 vault sentinels
  A grey draconian zombie (Crypt:1)
  15 spiny frogs
  A spiny frog (shapeshifter) (Vaults:2)
  A gargoyle (D:11)
  An efreet (D:14)
  3 fire drakes
  The ghost of urechis the Poker, an experienced TeBe of Trog (D:4)
  7 demonic crawlers
  24 yaktaurs
  A queen bee (shapeshifter) (Depths:4)
  3 kobold demonologists
  A red draconian skeleton (Crypt:1)
  A tengu conjurer (Depths:4)
  16 deep elf priests
  A harpy zombie (Crypt:2)
  A tengu simulacrum (Vaults:1)
  An entropy weaver zombie (Crypt:2)
  A minotaur zombie (Lab)
  A red devil (Volcano)
  2 freezing wraiths (Vaults:3)
  34 merfolk
  20 jumping spiders
  A wind drake (Shoals:2)
  16 two-headed ogres
  A polar bear (Lair:3)
  8 trolls
  104 slime creatures
  A stone giant simulacrum (Vaults:1)
  3 boulder beetles
  A deep troll zombie (D:15)
  23 blink frogs
  2 fire dragon zombies (Crypt:1)
  A trapdoor spider (shapeshifter) (Depths:4)
  A wind drake (shapeshifter) (Vaults:2)
  12 tarantella zombies (Spider:3)
  A two-headed ogre (shapeshifter) (Vaults:2)
  2 bog bodies
  A boulder beetle (shapeshifter) (Vaults:4)
  4 wyverns
  10 snapping turtles
  A spriggan zombie (Depths:3)
  17 flying skulls (Depths:3)
  20 trapdoor spiders
  A wind drake zombie (Crypt:1)
  An air elemental (Depths:3)
  31 deep elf magi
  A redback (shapeshifter) (Vaults:5)
  Sigmund (D:2)
  5 shadows
  7 wraiths
  27 redbacks
  A spriggan (D:12)
  56 yaks
  13 humans (D:13)
  2 basilisks
  A spriggan (shapeshifter) (Depths:1)
  A tarantella (shapeshifter) (Vaults:5)
  A steam dragon (D:12)
  10 water elementals
  13 hippogriffs
  2 human simulacra (Vaults:1)
  5 hungry ghosts
  30 deep elf fighters
  8 golden eyes
  2 chaos spawn
  4 fire bats (Volcano)
  11 tarantellas
  A hog (D:14)
  10 vampire mosquitoes
  2 soldier ants (shapeshifter)
  3 insubstantial wisps (Lair:5)
  3 hell hounds (Volcano)
  A mottled dragon (shapeshifter) (Vaults:2)
  7 wargs
  A gelid demonspawn zombie (Crypt:2)
  22 wolves
  16 soldier ants
  13 water moccasins
  A torturous demonspawn skeleton (Crypt:2)
  8 sky beasts
  5 spiders
  A slave (D:4)
  4 necrophages
  9 eyes of draining
  An orc zombie (Vaults:1)
  12 porcupines
  46 orc warriors
  43 ogres
  A ghost crab zombie (Crypt:2)
  6 phantoms
  6 ice beasts
  12 boggarts
  9 centaurs
  21 crocodiles
  2 ettin simulacra
  A snapping turtle skeleton (Crypt:1)
  A draconian zombie (Crypt:2)
  Blork the orc (D:4)
  6 big kobolds
  10 spider zombies (Spider:3)
  20 giant frogs
  A glowing shapeshifter simulacrum (Depths:3)
  A gnoll sergeant (D:9)
  40 jellies
  3 wyvern skeletons
  7 killer bees (D:10)
  3 scorpions
  A polar bear zombie (Crypt:1)
  A troll zombie (Crypt:1)
  A troll skeleton (Crypt:1)
  An electric eel (Lair:8)
  9 wights (D:12)
  2 quasits
  6 centaur zombies
  4 hounds
  4 lava snakes (Volcano)
  21 orc priests
  10 crimson imps
  41 orc wizards
  A two-headed ogre zombie (Crypt:1)
  2 giant frog skeletons
  2 giant frog zombies
  A gnoll shaman (D:5)
  4 hell rats (Lair:6)
  An elf skeleton (Vaults:1)
  44 worker ants
  22 sheep
  13 iguanas
  A demigod skeleton (Crypt:2)
  A felid zombie (Crypt:2)
  A hound skeleton (D:10)
  2 worker ant zombies
  A mummy (D:6)
  Robin (D:3)
  A swamp drake zombie (Crypt:2)
  17 adders
  15 gnolls
  8 shadow imps
  66 river rats
  A white imp (Depths:5)
  20 oozes
  3 adder skeletons
  4 worms
  5 giant geckos
  202 orcs
  2 ball pythons (D:3)
  22 bats
  2 bat skeletons
  7 giant cockroaches
  25 hobgoblins
  7 jackals
  6 quokkas
  A bat (shapeshifter) (Depths:4)
  5 giant newts
  32 goblins
  54 kobolds
  18 rats
  A rat (shapeshifter) (Depths:4)
  A spectral orc (D:5)
  A butterfly (Lair:6)
  2 crawling corpses
  2 fungi
  7 plants
2496 creatures vanquished.

Vanquished Creatures (collateral kills)
  Nikola (Vaults:3)
  A lich (Depths:4)
  Rupert (Lair:6)
  Asterion (Spider:3)
  An acid blob (Slime:6)
  A deep elf master archer (Elf:3)
  A quicksilver dragon (Depths:2)
  A tengu reaver (Vaults:5)
  A shadow dragon (Depths:2)
  A revenant (Vaults:3)
  A fire giant (Depths:2)
  A ghost moth (Spider:3)
  An ironheart preserver (Vaults:4)
  3 very ugly things
  3 stone giants
  3 dire elephants (Lair:8)
  A blizzard demon (Depths:2)
  2 merfolk impalers (Shoals:4)
  A crystal guardian (Vaults:3)
  2 ettins (Depths:2)
  2 yaktaur captains
  3 fire dragons
  An entropy weaver (Spider:2)
  4 ogre magi
  2 rakshasas
  An anaconda (D:13)
  A centaur warrior (Vaults:3)
  An alligator snapping turtle (Shoals:4)
  A deep troll earth mage (Depths:5)
  An orc high priest (Orc:4)
  A spriggan berserker (Depths:2)
  A hell knight (Depths:4)
  A giant orange brain (shapeshifter) (Depths:2)
  A shadow demon (Depths:4)
  A shadow wraith (Vaults:3)
  A flayed ghost (Depths:4)
  A sea snake (Shoals:3)
  7 deep trolls
  A naga ritualist (D:13)
  A fire crab (Shoals:3)
  An ironbrand convoker (Vaults:5)
  An unseen horror (Vaults:1)
  3 orc knights
  A phantasmal warrior (Vaults:5)
  A harpy (Shoals:1)
  2 necromancers (Depths:4)
  3 fauns (Shoals:3)
  2 griffons
  8 wolf spiders
  5 orb spiders
  A water nymph (Shoals:3)
  2 orc sorcerers
  A manticore (Shoals:4)
  An elephant (Lair:8)
  19 ugly things
  A hornet (shapeshifter) (Vaults:4)
  3 sirens
  2 vault sentinels
  2 hornets (Spider:4)
  A black mamba (D:13)
  A centaur zombie (D:13)
  A torpor snail (Spider:4)
  2 komodo dragons (Lair:6)
  2 yaktaurs
  A naga mage (D:13)
  4 demonic crawlers
  A komodo dragon (shapeshifter) (Vaults:2)
  7 jumping spiders
  10 merfolk
  8 two-headed ogres
  A snapping turtle (Shoals:4)
  A slime creature (Depths:2)
  7 tarantellas
  3 water elementals
  3 flying skulls (Depths:3)
  2 air elementals (Depths:3)
  4 trapdoor spiders
  17 redbacks
  2 deep elf fighters
  2 fire bats (Shoals:3)
  A hippogriff (Shoals:1)
  A mottled dragon (Vaults:2)
  3 vampire mosquitoes
  A hornet simulacrum (Vaults:1)
  2 spiders (Spider:3)
  An ice dragon simulacrum (Crypt:1)
  6 orc warriors
  5 centaurs
  A boggart (Depths:2)
  24 ogres
  A crocodile (Lair:6)
  An electric eel (Spider:2)
  4 orc priests (Orc:4)
  2 orc wizards
  5 orcs
  A plant (Depths:5)
259 creatures vanquished.

Vanquished Creatures (others)
  An eldritch tentacle (Crypt:2)
  A yaktaur captain (Vaults:4)
  A merfolk aquamancer (Shoals:4)
  An ironbrand convoker (Vaults:3)
  2 necromancers
  A yaktaur (Vaults:4)
  A deep elf mage (Elf:3)
  5 humans
  A deep elf fighter (Vaults:1)
  A basilisk (Lair:7)
  A black bear (D:6)
  An ogre (Vaults:3)
  A necrophage (Crypt:2)
  2 orcs
  A hobgoblin (D:4)
  2 quokkas
  2 kobolds
  2 rats
  A crawling corpse (Elf:1)
  68 eldritch tentacle segments (Crypt:2)
  37 fungi
  2 lost souls
  39 plants
174 creatures vanquished.

Grand Total: 2929 creatures vanquished

Action                   |  1- 3 |  4- 6 |  7- 9 | 10-12 | 13-15 | 16-18 | 19-21 | 22-24 | 25-27 || total
-------------------------+-------+-------+-------+-------+-------+-------+-------+-------+-------++-------
Melee: Short sword       |     7 |       |       |       |       |       |       |       |       ||     7
       Whip              |     6 |    42 |   164 |       |       |       |       |       |       ||   212
       Trident           |       |       |   125 |       |       |       |       |       |       ||   125
       Hand axe          |       |       |    34 |       |       |       |       |       |       ||    34
       Long sword        |       |       |   141 |   557 |  1660 |  1783 |  1976 |  1784 |  1003 ||  8904
       Scimitar          |       |       |       |       |    39 |     6 |       |       |       ||    45
       Great sword       |       |       |       |       |       |       |   158 |    31 |    19 ||   208
 Fire: Blowgun           |       |     2 |    11 |    66 |    59 |    23 |     4 |    16 |    30 ||   211
Throw: Stone             |     5 |     2 |     3 |       |       |       |       |       |       ||    10
       Tomahawk          |       |       |       |     6 |     1 |       |       |       |       ||     7
 Cast: Flame Tongue      |    74 |    86 |    97 |   116 |    27 |    12 |     7 |     7 |     1 ||   427
       Conjure Flame     |       |     3 |    11 |    41 |    16 |    20 |    20 |    10 |     5 ||   126
       Sticky Flame      |       |     1 |    32 |    66 |   180 |   165 |   225 |   135 |   141 ||   945
       Repel Missiles    |       |       |       |       |     3 |     5 |     9 |     3 |     2 ||    22
       Animate Dead      |       |       |       |       |       |    68 |    60 |    45 |    51 ||   224
       Fireball          |       |       |       |       |       |     2 |     5 |    10 |     3 ||    20
Invok: Greater Servant o |       |       |       |       |     7 |     7 |     1 |       |     2 ||    17
       Lesser Servant of |       |       |       |       |       |     1 |       |       |     1 ||     2
 Abil: Fly               |       |     1 |       |     1 |     1 |       |       |     1 |     1 ||     5
       Stop Flying       |       |       |       |       |       |       |       |     1 |     1 ||     2
Evoke: Wand              |       |       |       |     5 |    21 |     8 |     7 |    13 |    15 ||    69
       Phial of floods   |       |       |       |       |       |       |     1 |     1 |       ||     2
  Use: Potion            |       |     3 |     2 |       |     5 |    11 |     3 |     6 |    10 ||    40
       Scroll            |       |     8 |     8 |     5 |    25 |    22 |    10 |    15 |    12 ||   105
 Stab: Sleeping          |       |     3 |     8 |    24 |    24 |     2 |    10 |    20 |     2 ||    93
       Distracted        |       |       |       |     2 |     1 |    20 |     9 |    10 |    26 ||    68
       Confused          |       |       |       |       |     4 |     1 |       |       |       ||     5
       Held in net/web   |       |       |       |       |       |       |       |     1 |       ||     1
  Eat: Chunk             |     4 |     6 |    14 |    29 |    71 |     8 |    16 |     7 |     7 ||   162
       Beef jerky        |       |     1 |       |     1 |     3 |     3 |     7 |       |       ||    15
       Fruit             |       |     1 |     4 |       |    13 |     3 |    10 |     6 |       ||    37
       Bread ration      |       |       |     3 |     2 |     1 |     8 |     1 |     5 |     2 ||    22
       Pizza             |       |       |     1 |       |       |       |     1 |       |     1 ||     3
       Meat ration       |       |       |     1 |     2 |     2 |     2 |     5 |     4 |     3 ||    19
       Royal jelly       |       |       |       |       |     1 |     1 |       |       |       ||     2

Action                   |  1- 3 |  4- 6 |  7- 9 | 10-12 | 13-15 | 16-18 | 19-21 | 22-24 | 25-27 || total
-------------------------+-------+-------+-------+-------+-------+-------+-------+-------+-------++-------
Melee: Short sword       |     7 |       |       |       |       |       |       |       |       ||     7
       Whip              |     6 |    42 |   164 |       |       |       |       |       |       ||   212
       Trident           |       |       |   125 |       |       |       |       |       |       ||   125
       Hand axe          |       |       |    34 |       |       |       |       |       |       ||    34
       Long sword        |       |       |   141 |   557 |  1660 |  1783 |  1976 |  1784 |  1003 ||  8904
       Scimitar          |       |       |       |       |    39 |     6 |       |       |       ||    45
       Great sword       |       |       |       |       |       |       |   158 |    31 |    19 ||   208
 Fire: Blowgun           |       |     2 |    11 |    66 |    59 |    23 |     4 |    16 |    30 ||   211
Throw: Stone             |     5 |     2 |     3 |       |       |       |       |       |       ||    10
       Tomahawk          |       |       |       |     6 |     1 |       |       |       |       ||     7
 Cast: Flame Tongue      |    74 |    86 |    97 |   116 |    27 |    12 |     7 |     7 |     1 ||   427
       Conjure Flame     |       |     3 |    11 |    41 |    16 |    20 |    20 |    10 |     5 ||   126
       Sticky Flame      |       |     1 |    32 |    66 |   180 |   165 |   225 |   135 |   141 ||   945
       Repel Missiles    |       |       |       |       |     3 |     5 |     9 |     3 |     2 ||    22
       Animate Dead      |       |       |       |       |       |    68 |    60 |    45 |    51 ||   224
       Fireball          |       |       |       |       |       |     2 |     5 |    10 |     3 ||    20
Invok: Greater Servant o |       |       |       |       |     7 |     7 |     1 |       |     2 ||    17
       Lesser Servant of |       |       |       |       |       |     1 |       |       |     1 ||     2
 Abil: Fly               |       |     1 |       |     1 |     1 |       |       |     1 |     1 ||     5
       Stop Flying       |       |       |       |       |       |       |       |     1 |     1 ||     2
Evoke: Wand              |       |       |       |     5 |    21 |     8 |     7 |    13 |    15 ||    69
       Phial of floods   |       |       |       |       |       |       |     1 |     1 |       ||     2
  Use: Potion            |       |     3 |     2 |       |     5 |    11 |     3 |     6 |    10 ||    40
       Scroll            |       |     8 |     8 |     5 |    25 |    22 |    10 |    15 |    12 ||   105
 Stab: Sleeping          |       |     3 |     8 |    24 |    24 |     2 |    10 |    20 |     2 ||    93
       Distracted        |       |       |       |     2 |     1 |    20 |     9 |    10 |    26 ||    68
       Confused          |       |       |       |       |     4 |     1 |       |       |       ||     5
       Held in net/web   |       |       |       |       |       |       |       |     1 |       ||     1
  Eat: Chunk             |     4 |     6 |    14 |    29 |    71 |     8 |    16 |     7 |     7 ||   162
       Beef jerky        |       |     1 |       |     1 |     3 |     3 |     7 |       |       ||    15
       Fruit             |       |     1 |     4 |       |    13 |     3 |    10 |     6 |       ||    37
       Bread ration      |       |       |     3 |     2 |     1 |     8 |     1 |     5 |     2 ||    22
       Pizza             |       |       |     1 |       |       |       |     1 |       |     1 ||     3
       Meat ration       |       |       |     1 |     2 |     2 |     2 |     5 |     4 |     3 ||    19
       Royal jelly       |       |       |       |       |     1 |     1 |       |       |       ||     2
